AoeStats
← Zumoshi

Black Forest

507010500Analyzed
1v1 RM · 17d ago on Sep 16, 2026· 43m 9s· 2 players
Game mode
Random Map
Map size
Tiny (2 player)
Population
200
Speed
Normal
Resources
Standard
Victory
Conquest
Starting age
Dark Age
Ending age
Imperial Age
RankedLock teamsTeams togetherTeam positionsShared explorationLock speedFull tech treeHidden civsTurbo modeCheats
Victory
Defeat
🇨🇳 Sicilians · China
1158
+16
🇮🇱 Magyars · Israel
1149
-16
Zumoshi
11:55 Feudal Age
12:39 Loom
16:14 Castle Age
15:01 Double-Bit Axe
16:47 Horse Collar
17:45 Man-at-Arms
18:21 Arson
20:28 Long Swordsman
22:24 Scale Mail Armor
28:24 Wheelbarrow
28:36 Chain Mail Armor
31:05 Fletching
32:33 Bow Saw
32:24 Heavy Plow
33:29 Bodkin Arrow
34:50 Padded Archer Armor
35:18 Thumb Ring
37:32 Leather Archer Armor
38:39 Corvinian Army
38:56 Bloodlines
38:47 Husbandry
38:56 Scale Barding Armor
39:50 Ballistics
41:08 Hand Cart
43:35 Imperial Age
40:47 Light Cavalry
FEI123
1:22 Loom
10:09 Feudal Age
14:24 Wheelbarrow
13:38 Double-Bit Axe
15:24 Horse Collar
20:50 Scale Mail Armor
21:03 Forging
25:36 Castle Age
26:35 Chain Mail Armor
26:55 Iron Casting
26:22 Gold Mining
26:23 Stone Mining
28:17 Squires
28:05 Arson
30:23 Fletching
31:17 Bodkin Arrow
33:05 Bow Saw
33:00 Heavy Plow
36:06 Imperial Age
36:48 Elite Serjeant
38:08 Conscription
38:43 Plate Mail Armor
39:40 Blast Furnace
41:13 Bracer
Connection lost

Rejoining the realm…

Still unreachable

The connection could not be restored.

Session expired

The server has moved on; the page needs a fresh start.